 Dungeon Crawl Stone Soup version 0.28-a0-863-g8cecda6153 (webtiles) character file.

Game seed: 13031759360865521166

4 Htamos the Sneak (level 1, 0/9 HPs)
             Began as a Spriggan Enchanter on Nov 17, 2021.
             Slain by a bat (1 damage)
             ... on level 1 of the Dungeon.
             The game lasted 00:00:34 (119 turns).

Htamos the Sneak (Spriggan Enchanter)                Turns: 119, Time: 00:00:35

Health: 0/9        AC:  2    Str:  4    XL:     1   Next: 58%
Magic:  5/5        EV: 17    Int: 16    God:
Gold:   0          SH:  0    Dex: 15    Spells: 5/5 levels left

rFire   . . .      SeeInvis +   a - +1 dagger
rCold   . . .      Faith    .   (shield restricted)
rNeg    . . .      Spirit   .   b - +0 robe
rPois   .          Reflect  .   (helmet restricted)
rElec   .          Harm     .   (no cloak)
rCorr   .          Rampage  .   (gloves unavailable)
Will    .....                   (boots unavailable)
Stlth   +++.......              (no amulet)
HPRegen 0.03/turn               (no ring)
MPRegen 0.09/turn               (no ring)

@: very quick
A: very small, no large weapons, unfitting armour, see invisible, speed 3
a: no special abilities


You were on level 1 of the Dungeon.
You visited 1 branch of the dungeon, and saw 1 of its levels.

Inventory:

Hand Weapons
 a - a +1 dagger (weapon)
Armour
 b - a +0 robe (worn)
Potions
 c - a potion of invisibility


   Skills:
 + Level 0.2 Fighting
 - Level 1.1 Short Blades
 + Level 2.8 Dodging
 + Level 4.5 Stealth
 - Level 2.6 Spellcasting
 + Level 3.7 Hexes


You had 5 spell levels left.
You didn't know any spells.
Your spell library contained the following spells:

 Spells                   Type           Power      Damage    Failure   Level
 Confusing Touch          Hex            14%        N/A       12%         3
 Tukima's Dance           Hex            14%        N/A       12%         3
 Ensorcelled Hibernation  Hex/Ice        16%        N/A       14%         2
 Dazzling Flash           Conj/Hex       16%        N/A       26%         3


Dungeon Overview and Level Annotations

Branches:
Dungeon (1/15)

Altars:


Innate Abilities, Weirdness & Mutations

You are very small and have problems with some larger weapons.
You are too small for most types of armour.
You have supernaturally acute eyesight. (SInv)
You cover ground extremely quickly. (Speed+++)


Message History

Found 9 gold pieces.
The bat hits you but does no damage.
You hit the bat but do no damage. The bat barely misses you.
The bat closely misses you.
An endoplasm comes into view.
Found 27 bolts.
The bat barely misses you. The bat misses you.
You miss the bat. The bat hits you but does no damage.
You barely miss the bat. The bat barely misses you.
The bat completely misses you.
You hit the bat.
The bat is heavily wounded.
The bat hits you but does no damage. The bat barely misses you.
You see here 9 gold pieces.
The helpless hobgoblin fails to defend itself.
You puncture the hobgoblin!
You kill the hobgoblin!
The bat misses you. The bat closely misses you.
You hit the bat.
You kill the bat!
The rat closely misses you.
You hit the rat.
The rat is heavily wounded.
The endoplasm barely misses you. The rat misses you.
You hit the rat but do no damage.
The rat is heavily wounded.
The endoplasm freezes you.
You are frozen.
The rat misses you.
You hit the rat.
You kill the rat!
The endoplasm freezes you.
You are frozen.
* * * LOW HITPOINT WARNING * * *
Things that are here:
a rat corpse; a hobgoblin corpse You see here a +0 scale mail.
The bat closely misses you.
A bat comes into view.
The bat misses you. The bat barely misses you. The bat hits you.
You die...

#......##.. #.#
#.......#... #..
#.............# ###..
##..#........>.. ....
#...+..........#####..
###.#.#....r.........#.#
#.....#b.............#.#
##.###.b....# #.........
#..#J†##@...#+##........#
#.#.##$#.................
#..#.##.#..........##....#
#..##.(#...........##....#
#....###.................#
#.##......................
#. ####.#.................
#. ................###..
###................ .#


You could see 2 bats and a rat (asleep).

Vanquished Creatures
  2 bats (D:1)
  A hobgoblin (D:1)
  A rat (D:1)
4 creatures vanquished.

Notes
Turn   | Place    | Note
-------+----------+-------------------------------------------
     0 | D:1      | Htamos the Spriggan Enchanter began the quest for the Orb.
     0 | D:1      | Reached XP level 1. HP: 9/9 MP: 5/5
   119 | D:1      | Slain by a bat

Illustrated notes

Levels and vault maps discovered:
D:1:      dpeg_arrival_rhombi, layout_basic,
          hellmonk_ecumenical_altar_pennies_from_heaven, minmay_tetromino_l4

Action                   || total
-------------------------++-------
Melee: Dagger            ||    16
 Stab: Sleeping          ||     1
Armor: Robe              ||     4
Dodge: Dodged            ||    24

Table legend: (Time is in decaauts)
 A = Elapsed time spent in this place.
 B = Non-inter-level travel time spent in this place.
 C = Inter-level travel time spent in this place.
 D = Time resting spent in this place.
 E = Time spent auto-exploring this place.
 F = Levels seen in this place.
 G = Mean time per level.
                   A        B        C        D        E       F      G
               +--------+--------+--------+--------+--------+-----+--------+
         Total |     90 |     90 |      0 |      0 |     57 |   1 |   90.0 |
       Dungeon |     90 |     90 |      0 |      0 |     57 |   1 |   90.0 |
               +--------+--------+--------+--------+--------+-----+--------+

Top non-repeatable levels by time:
     D:1: 90 daAuts
